 Dungeon Crawl Stone Soup version 0.29.0-13-gc9e81de378 (webtiles) character file.

Game seed: 12045658525219494090

29 Hubris850 the Magician (level 3, -1/25 HPs)
             Began as a Djinni Ice Elementalist on Sept 7, 2022.
             Slain by an endoplasm (2 damage)
             ... on level 2 of the Dungeon.
             The game lasted 00:03:33 (1604 turns).

Hubris850 the Magician (Djinni Ice Elementalist)    Turns: 1604, Time: 00:03:33

Health: -1/25      AC:  2    Str:  7    XL:     3   Next: 32%
Gold:   58         EV: 12    Int: 18    God:
                   SH:  0    Dex: 13

rFire   + + .      SeeInvis .   b - +0 short sword
rCold   x . .      Faith    .   (no shield)
rNeg    . . .      Spirit   .   a - +0 robe
rPois   ∞          Reflect  .   (no helmet)
rElec   .          Harm     .   (no cloak)
rCorr   .          Rampage  .   (no gloves)
Will    .....                   (boots unavailable)
Stlth   ++........              (no amulet)
HPRegen 0.08/turn               (no ring)
MPRegen 0.00/turn               (no ring)

@: flying, very slightly contaminated
A: sickness immunity, fire resistance 2, cold vulnerability 1, float, innate
caster, HP casting, extra vitality 1
a: no special abilities


You were on level 2 of the Dungeon.
You visited 1 branch of the dungeon, and saw 2 of its levels.

You collected 58 gold pieces.

Inventory:

Hand Weapons
 b - a +0 short sword (weapon)
 c - a +0 dagger
Armour
 a - a +0 robe (worn)
 j - a +0 ring mail
Scrolls
 e - a scroll of fog {unknown}
 i - a scroll of poison {unknown}
 k - a scroll of teleportation {unknown}
 l - a scroll of vulnerability {unknown}
Potions
 d - a potion of ambrosia {unknown}
 f - a potion of brilliance {unknown}
 g - a potion of heal wounds {unknown}
 h - a potion of lignification {unknown}


   Skills:
 + Level 1.3 Short Blades
 - Level 2.3 Dodging
 - Level 1.7 Stealth
 + Level 3.6 Spellcasting


You couldn't memorise any spells.
You knew the following spells:

 Your Spells              Type           Power      Damage    Failure   Level
a - Freeze                Ice            64%        1d8       3%          1
b - Frozen Ramparts       Ice            32%        1d5       11%         3
c - Ozocubu's Armour      Ice            16%        N/A       11%         3
d - Hailstorm             Conj/Ice       16%        3d6       34%         4
e - Beastly Appendage     Tmut           32%        N/A       3%          1
Your spell library was empty.

Dungeon Overview and Level Annotations

Branches:
Dungeon (2/15)

Altars:


Innate Abilities, Weirdness & Mutations

You are immune to sickness and miasma.
You are immune to poison.
Your flesh is very heat resistant. (rF++)
You are vulnerable to cold. (rC-)
You float through the air rather than walking.
You learn spells naturally, not from books.
Your magical power is your life essence.
You have superior vitality. (+4 MHP)


Message History

The endoplasm is severely wounded.
The endoplasm freezes you.
You are frozen!
You feel a terrible chill!
You hit the endoplasm but do no damage.
The endoplasm is severely wounded.
The endoplasm freezes you.
You are frozen.
You feel a terrible chill!
You are too injured to fight recklessly!
You are too injured to fight recklessly!
You are too injured to fight recklessly!
Casting: Beastly Appendage (safe; 3% risk of failure)
Confirm with . or Enter, or press ? or * to list all spells.
Aiming: Freeze (safe; 3% risk of failure)
Press: ? - help, Shift-Dir - straight line, f - endoplasm
Aim: an endoplasm (severely wounded)
You freeze the endoplasm.
The endoplasm is almost dead.
The endoplasm freezes you.
You are frozen.
You feel a terrible chill!
Casting: Freeze (safe; 3% risk of failure)
Confirm with . or Enter, or press ? or * to list all spells.
Aiming: Freeze (safe; 3% risk of failure)
Press: ? - help, Shift-Dir - straight line, f/p - endoplasm
Aim: an endoplasm (almost dead)
You miscast Freeze.
You are very lightly contaminated with residual magic.
Nothing appears to happen.
* * * LOW HITPOINT WARNING * * *
The endoplasm freezes you.
You are frozen.
You feel a terrible chill!
* * * LOW HITPOINT WARNING * * *
Casting: Freeze (safe; 3% risk of failure)
Confirm with . or Enter, or press ? or * to list all spells.
You don't have enough health to cast this spell.
Unknown command.
Unknown command.
You hit the endoplasm but do no damage.
The endoplasm is almost dead.
The endoplasm hits you.
You die...

#. .. ##.#
.#.####+#...#.#
.......<.....>#
.#.....@..#.#.#
#....J...+
##.......#
..........#
.#........#
#...#.####
#####. ..


You could see an endoplasm.

Vanquished Creatures
  3 endoplasms (D:1)
  4 giant cockroaches (D:1)
  5 hobgoblins (D:1)
  A quokka (D:1)
  2 ball pythons (D:1)
  2 bats (D:1)
  A frilled lizard (D:1)
  3 goblins (D:1)
  3 kobolds (D:1)
  A rat (D:1)
25 creatures vanquished.

Vanquished Creatures (others)
  2 plants (D:1)
2 creatures vanquished.

Grand Total: 27 creatures vanquished

Notes
Turn   | Place    | Note
-------+----------+-------------------------------------------
     0 | D:1      | Hubris850 the Djinni Ice Elementalist began the quest for
                  | the Orb.
     0 | D:1      | Hubris850 set off with the following spells memorised:
                  | Freeze, Frozen Ramparts, Ozocubu's Armour, Hailstorm.
     0 | D:1      | Reached XP level 1. HP: 15/15 MP: 0/0
   292 | D:1      | Reached XP level 2. HP: 7/21 MP: 0/0
   683 | D:1      | HP: 1/21 [goblin/+0 club (3)]
   686 | D:1      | Reached skill level 1 in Short Blades
   869 | D:1      | Reached XP level 3. HP: 16/25 MP: 0/0
   869 | D:1      | Learned a level 1 spell: Beastly Appendage
  1603 | D:2      | HP: 1/25 [frozen (6)]
  1604 | D:2      | Slain by an endoplasm

Illustrated notes

Levels and vault maps discovered:
D:1:      roderic_crop_circles_arrival_small, layout_rooms,
          serial_bayou_crossing
D:2:      layout_basic, serial_shops, shop_statue,
          hellmonk_ecumenical_altar_arch_garden, minmay_misc_feat_diagonals,
          minmay_between, uniq_jessica

Skill      XL: |  1  2 |
---------------+-------+-----
Short Blades   | 1 |  1.3
Dodging        | |  2.3
Stealth        | |  1.7
Spellcasting   | |  3.6

Action                   || total
-------------------------++-------
Melee: Dagger            ||    51
       Unarmed           ||     1
       Short sword       ||    28
       Headbutt          ||     1
 Cast: Freeze            ||    20
       Beastly Appendage ||     1
  Use: Potion            ||     1
 Stab: Sleeping          ||     1
Armor: Robe              ||    17
Dodge: Dodged            ||    59
